 Dungeon Crawl Stone Soup version 0.17-a0-1393-gcb420ff (webtiles) character file.

8414 urechis the Grappler (level 11, -22/107 HPs)
             Began as a Troll Monk on June 16, 2015.
             Killed from afar by Fannar (29 damage)
             ... with a bolt of cold
             ... on level 11 of the Dungeon.
             The game lasted 00:28:40 (8025 turns).

urechis the Grappler (Troll Monk)                   Turns: 8025, Time: 00:28:43

Health: -22/107    AC: 11    Str: 21    XL:     11   Next: 9%
Magic:  13/13      EV: 14    Int:  6    God:
Gold:   560        SH:  0    Dex: 15    Spells: 0 memorised, 10 levels left

rFire  + . .     SeeInvis .       - Unarmed
rCold  . . .     Clarity  +     w - +0 robe
rNeg   . . .     SustAt   .     (no shield)
rPois  .         Gourm    +     (helmet restricted)
rElec  .         Spirit   .     R - +2 cloak {MR+}
rCorr  .         Warding  .     (gloves unavailable)
rMut   .         Rnd*Tele +     (boots unavailable)
MR     ++...                    (no amulet)
Stlth  ++........               s - ring "Vuwu" {rF+ MR+ Slay+3}
                                E - +2 ring of protection

@: about to teleport, very resistant to hostile enchantments, unstealthy
A: unfitting armour, claws 3, talons 2, icy blue scales 1, berserk 1, clarity,
deformed body, fast metabolism 3, gourmand, regeneration 3, shaggy fur 2,
teleportitis 1, tough skin 2, evolution 1
a: no special abilities


You were on level 11 of the Dungeon.
You were full.

You visited 2 branches of the dungeon, and saw 12 of its levels.

You collected 560 gold pieces.

Inventory:

Armour
 w - a +0 robe (worn)
 R - a +2 cloak of magic resistance (worn)
Jewellery
 d - an uncursed ring of protection from cold
 s - the ring "Vuwu" (right claw) {rF+ MR+ Slay+3}
   (You found it on level 4 of the Dungeon)

   [ring of protection from magic]

   It affects your accuracy and damage with ranged weapons and melee attacks
   (+3).
   It protects you from fire.
   It affects your resistance to hostile enchantments.
 x - an uncursed ring of flight
 y - an uncursed ring of see invisible
 E - a +2 ring of protection (left claw)
 I - an uncursed ring of positive energy
Magical devices
 n - a wand of flame (15)
 O - a wand of disintegration (13)
Scrolls
 c - 7 scrolls of remove curse
 e - 4 scrolls of teleportation
 h - 2 scrolls of enchant weapon {unknown}
 k - 4 scrolls of recharging
 r - 3 scrolls of blinking
 t - 2 scrolls of noise {unknown}
 u - 2 scrolls of enchant armour {unknown}
 z - 2 scrolls of magic mapping {unknown}
 A - 2 scrolls of summoning {unknown}
 F - a scroll of torment {unknown}
 G - 2 scrolls of amnesia {unknown}
 J - a scroll of fog {unknown}
 K - a scroll of fear {unknown}
 Q - 2 scrolls of random uselessness {unknown}
Potions
 g - a potion of brilliance {unknown}
 i - a potion of magic {unknown}
 l - a potion of cancellation {unknown}
 m - 2 potions of agility
 o - 3 potions of flight
 p - 2 potions of cure mutation
 q - 2 potions of heal wounds
 v - a potion of might {unknown}
 B - 5 potions of curing
 H - 3 potions of lignification
 P - a potion of degeneration {unknown}
Comestibles
 a - 4 meat rations
 b - 9 bread rations
 f - 7 fruits
 j - 2 beef jerkies
 C - a slice of pizza
 D - 11 royal jellies


   Skills:
 + Level 6.8 Fighting
 + Level 7.0 Dodging
 - Level 1.1 Stealth
 * Level 11.9 Unarmed Combat
 + Level 5.3 Evocations


You had 10 spell levels left.
You didn't know any spells.

Dungeon Overview and Level Annotations

Branches:
Dungeon (11/15)            Temple (1/1) D:7             Orc (0/4) D:9
   Lair: D:8-11

Altars:
Ashenzari
Cheibriados
Dithmenos
Elyvilon
Fedhas
Gozag
Kikubaaqudgha
Makhleb
Nemelex Xobeh
Okawaru
Qazlal
Ru
Sif Muna
Trog
Vehumet
Xom
Yredelemnul
Zin
The Shining One

Portals:
Trove: D:10 (give 10 potions of heal wounds)

Annotations:
D:11 Fannar


Innate Abilities, Weirdness & Mutations

You are too large for most types of armour.
You have claws for hands.
Your metabolism is lightning-fast.
You like to eat raw meat.
You regenerate.
You are covered in thick fur (AC +2).
You have very tough skin (AC +2).
You have razor-sharp toenails.
You are partially covered in icy blue scales (AC +1).
You tend to lose your temper in combat.
You possess an exceptional clarity of mind.
Armour fits poorly on your strangely shaped body.
You are occasionally teleported to nearby monsters.
You evolve.


Message History

Fannar is severely wounded.
The adder bites you but does no damage. The ogre barely misses you.
The necrophage barely misses you. Fannar blocks your attack.
Fannar is severely wounded.
The ice beast hits you but does no damage.
The adder bites you but does no damage. The ice beast hits you.
* * * LOW HITPOINT WARNING * * *
The ice beast freezes you!
* * * LOW HITPOINT WARNING * * *
The necrophage hits you but does no damage.
The ogre misses you.
You claw the ice beast! Your kick misses the ice beast.
The ice beast is heavily wounded.
The adder closely misses you. Fannar gestures at you while chanting.
The bolt of cold hits the adder.
The adder dies!
The bolt of cold hits you!
You die...

.....#######....
#.....<.......
#+###'#######.
#.........#
#.........#
#.........# .
#.........# ...
##......Y.#.....
#....Y@n....#
+....%Y†O..8....
........e........
.................
.................
.#......###+####
........#
........#


You could see Fannar (bleeding), 3 ice beasts, an ogre and a necrophage.

Vanquished Creatures
  A hill giant (D:10)
  Pikel (D:9)
  Maurice (D:9)
  Joseph (D:8)
  A two-headed ogre (D:8)
  A deep elf mage (D:8)
  4 hungry ghosts
  2 hippogriffs
  A water moccasin (D:6)
  Duvessa (D:4)
  5 orc warriors
  3 sky beasts
  A black bear (D:9)
  A necrophage (D:6)
  A crocodile (D:8)
  5 ice beasts
  7 ogres
  2 centaurs
  3 phantoms
  8 big kobolds
  A slave (D:9)
  3 giant frogs
  2 scorpions
  3 killer bees (D:9)
  Dowan (D:4)
  A wight (D:8)
  4 hounds
  8 orc wizards
  3 centaur zombies
  4 orc priests
  4 crimson imps
  2 iguanas
  8 jellies
  Terence (D:2)
  2 centaur skeletons
  9 worker ants
  A killer bee zombie (D:7)
  A hound skeleton (D:10)
  A worker ant zombie (D:8)
  11 gnolls
  7 adders
  4 shadow imps
  An adder zombie (D:6)
  8 oozes
  4 adder skeletons
  2 worms (D:4)
  12 giant geckos
  46 orcs
  A ball python (D:2)
  A bat skeleton (D:6)
  2 bat zombies
  8 goblins
  16 hobgoblins
  15 jackals
  7 quokkas
  15 bats
  5 giant cockroaches
  A giant gecko skeleton (D:4)
  A giant gecko zombie (D:8)
  7 giant newts
  2 jackal skeletons
  44 kobolds
  A quokka skeleton (D:7)
  9 rats
339 creatures vanquished.

Vanquished Creatures (others)
  A sky beast (D:8)
  A big kobold (D:9)
  A hound (D:9)
  An adder (D:11)
  A giant gecko (D:9)
  2 kobolds (D:9)
7 creatures vanquished.

Grand Total: 346 creatures vanquished

Notes
Turn   | Place    | Note
--------------------------------------------------------------
     0 | D:1      | urechis the Troll Monk began the quest for the Orb.
     0 | D:1      | Reached XP level 1. HP: 22/22 MP: 0/0
   164 | D:1      | Reached XP level 2. HP: 29/29 MP: 1/1
   516 | D:1      | Reached XP level 3. HP: 36/36 MP: 2/2
   751 | D:2      | Noticed Terence
   755 | D:2      | Killed Terence
   798 | D:2      | Reached XP level 4. HP: 44/44 MP: 3/3
   920 | D:2      | Reached skill level 5 in Unarmed Combat
  1397 | D:2      | Found a burning altar of Makhleb.
  1408 | D:2      | Found an ancient bone altar of Kikubaaqudgha.
  1475 | D:3      | Reached XP level 5. HP: 25/53 MP: 4/4
  1767 | D:3      | Found a white marble altar of Elyvilon.
  1910 | D:3      | Found an opulent altar of Gozag.
  2152 | D:3      | Reached XP level 6. HP: 59/61 MP: 5/5
  2177 | D:3      | Reached skill level 6 in Unarmed Combat
  2621 | D:4      | Noticed Dowan
  2711 | D:4      | Got a transparent jade ring
  2726 | D:4      | Identified the ring "Vuwu" {rF+ MR+ Slay+3} (You found it on level 4 of the Dungeon)
  2993 | D:4      | Noticed Duvessa
  2999 | D:4      | Killed Dowan
  3008 | D:4      | Killed Duvessa
  3008 | D:4      | Reached XP level 7. HP: 10/68 MP: 6/6
  3163 | D:5      | Entered Level 5 of the Dungeon
  3361 | D:5      | Reached skill level 1 in Evocations
  3427 | D:5      | Reached skill level 7 in Unarmed Combat
  3983 | D:6      | Reached XP level 8. HP: 71/79 MP: 8/8
  4020 | D:6      | Found an iron altar of Okawaru.
  4168 | D:6      | Reached skill level 8 in Unarmed Combat
  4366 | D:6      | Reached skill level 5 in Dodging
  4586 | D:7      | Reached skill level 5 in Fighting
  4609 | D:7      | Reached XP level 9. HP: 81/88 MP: 10/10
  4670 | D:7      | Reached skill level 9 in Unarmed Combat
  4821 | D:7      | Found a staircase to the Ecumenical Temple.
  4827 | Temple   | Entered the Ecumenical Temple
  5213 | D:7      | Found a sacrificial altar of Ru.
  5216 | D:7      | Found a sparkling altar of Nemelex Xobeh.
  5241 | D:7      | Found a shimmering altar of Xom.
  5344 | D:7      | Got a brightly glowing spear
  5345 | D:7      | Identified the +6 spear of Annoyance {antimagic, *Corrode rPois rC+ SInv} (You found it on level 7 of the Dungeon)
  5353 | D:8      | Found a bloodstained altar of Trog.
  5366 | D:8      | Noticed Joseph
  5390 | D:8      | Killed Joseph
  5394 | D:8      | Reached skill level 10 in Unarmed Combat
  5578 | D:8      | Gained mutation: You are partially covered in icy blue scales (AC +1). [mutagenic meat]
  5579 | D:8      | Gained mutation: You have a pair of small horns on your head. [mutagenic meat]
  5581 | D:8      | Gained mutation: You tend to lose your temper in combat. [mutagenic meat]
  5582 | D:8      | Gained mutation: You have sharp toenails. [mutagenic meat]
  5619 | D:8      | Reached XP level 10. HP: 91/98 MP: 12/12
  6309 | D:8      | Gained mutation: You possess an exceptional clarity of mind. [mutagenic meat]
  6310 | D:8      | Gained mutation: Armour fits poorly on your strangely shaped body. [mutagenic meat]
  6312 | D:8      | Gained mutation: You are covered in thick fur (AC +2). [mutagenic meat]
  6313 | D:8      | Gained mutation: You are occasionally teleported to nearby monsters. [mutagenic meat]
  6333 | D:8      | Reached skill level 11 in Unarmed Combat
  6687 | D:9      | Noticed Pikel
  6697 | D:9      | Killed Pikel
  6751 | D:9      | Found an ancient bone altar of Kikubaaqudgha.
  6959 | D:9      | Reached skill level 5 in Evocations
  7070 | D:9      | Found a staircase to the Orcish Mines.
  7083 | D:9      | Noticed Maurice
  7094 | D:9      | Killed Maurice
  7233 | D:10     | Entered Level 10 of the Dungeon
  7338 | D:10     | Gained mutation: You regenerate. [mutagenic meat]
  7340 | D:10     | Lost mutation: You have a pair of small horns on your head. [mutagenic meat]
  7341 | D:10     | Gained mutation: You have razor-sharp toenails. [mutagenic meat]
  7342 | D:10     | Gained mutation: You evolve. [mutagenic meat]
  7429 | D:10     | Found a portal to a secret trove of treasure.
  7583 | D:10     | Noticed a hill giant
  7590 | D:10     | Killed a hill giant
  7590 | D:10     | Reached XP level 11. HP: 107/107 MP: 13/13
  8003 | D:11     | Noticed Fannar
  8025 | D:11     | Killed from afar by Fannar

Vault maps used:
D:1:      evilmike_arrival_fibonacci_small
D:2:      amethyst_overflow_temple_binary, first_bread, uniq_terence
D:3:      elyvilon_altar_1, nicolae_gozag_seed_capital
D:4:      uniq_duvessa
D:6:      okawaru_metal_pillars_1_2
D:7:      grunt_temple_overflow_diamond, minmay_temple_entry_hall
D:8:      minmay_imperfect_grid, special_room, hangedman_little_slice_of_home,
          trog_three_pillars_becter, uniq_joseph
D:9:      orc_0_dummy, basic_altar, uniq_maurice, uniq_pikel
D:10:     nicolae_trove_entry_columns, hangedman_abyss_or_decor_jellyfish_corner
D:11:     dpeg_oklobed_lair, serial_column_ruins, column_ruins_hut,
          column_ruins_grid_1, column_ruins_grid_1,
          column_ruins_columns_dead_end, column_ruins_corridor_straight,
          column_ruins_open_tiny, column_ruins_corridor_corner, uniq_fannar,
          uniq_josephine
Temple:   chambers_temple_12

Action                   |  1- 3 |  4- 6 |  7- 9 | 10-12 || total
-------------------------+-------+-------+-------+-------++-------
Melee: Unarmed           |    71 |   209 |   253 |   270 ||   803
  Use: Scroll            |       |       |     6 |    10 ||    16
 Stab: Sleeping          |     1 |     5 |     6 |     2 ||    14
       Distracted        |       |       |     1 |     1 ||     2
  Eat: Chunk             |     9 |    23 |    36 |    31 ||    99
